[Event "Allsvenskan Div I 3 2023/2024: SS Manhem - Thunder Chess"]
[Site "Goteborgs schackcentrum, Vegatan 20, Gothenburg, Sweden"]
[Date "2024.01.14"]
[Round "1.1"]
[White "Mohammadi, Amir"]
[Black "Olsen, Filip Boe"]
[Result "0-1"]
[TimeControl "90 minutes for 40 moves + 30 minutes for the rest of the game + 30 seconds per move from move one."]
[BlackTitle "IM"]
[WhiteFideId "1705890"]
[BlackFideId "1440640"]
[WhiteElo "2286"]
[BlackElo "2441"]

1. e4 c5 2. Nc3 d6 3. g3 Nf6 4. Bg2 Nc6 5. d3 g6 6. f4 Bg7 7. Nf3 O-O 8. O-O Rb8 9. h3 b5 10.
a3 a5 11. g4 b4 12. axb4 axb4 13. Ne2 Bb7 14. Ng3 Ra8 15. Rxa8 Qxa8 16. g5 Nd7 17. h4 Qa1 18. b3 Ra8 19.
Bh3 Nf8 20. f5 Ra2 21. Ne2 Qb1 22. Ne1 Bd4+ 23. Kh1 Be3 24. fxg6 Nxg6 25. Nc3 bxc3 26. Qf3 Nge5 27. Qxe3 Ra1 28. g6 hxg6 29. Nf3 Qxc2 30. Be6 Ra2 31. Bxf7+ Nxf7 32.
Qg1 Nce5 33. Nxe5 Nxe5 34. Bh6 Bxe4+ 0-1

[ePGN "0.1;DGT LiveChess/2.2.6"]

[Event "Allsvenskan Div I 3 2023/2024: SS Manhem - Thunder Chess"]
[Site "Goteborgs schackcentrum, Vegatan 20, Gothenburg, Sweden"]
[Date "2024.01.14"]
[Round "1.2"]
[White "Boe, Mads"]
[Black "Aaberg, Anton"]
[Result "1/2-1/2"]
[TimeControl "90 minutes for 40 moves + 30 minutes for the rest of the game + 30 seconds per move from move one."]
[WhiteTitle "FM"]
[BlackTitle "IM"]
[WhiteFideId "1401408"]
[BlackFideId "1701991"]
[WhiteElo "2291"]
[BlackElo "2317"]

1. e4 c6 2. Nc3 d5 3. Nf3 Bg4 4. h3 Bxf3 5. Qxf3 e6 6. d4 Nf6 7. Bd3 dxe4 8. Nxe4 Nxe4 9. Qxe4 Nd7 10.
c3 Nf6 11. Qf3 Qd5 12. Qxd5 Nxd5 13. Bd2 Be7 14. O-O O-O 15. Rfd1 Rad8 1/2-1/2

[ePGN "0.1;DGT LiveChess/2.2.6"]

[Event "Allsvenskan Div I 3 2023/2024: SS Manhem - Thunder Chess"]
[Site "Goteborgs schackcentrum, Vegatan 20, Gothenburg, Sweden"]
[Date "2024.01.14"]
[Round "1.3"]
[White "Runnby, Jan"]
[Black "Welin, Mats"]
[Result "0-1"]
[TimeControl "90 minutes for 40 moves + 30 minutes for the rest of the game + 30 seconds per move from move one."]
[BlackTitle "FM"]
[WhiteFideId "1701290"]
[BlackFideId "1705180"]
[WhiteElo "2248"]
[BlackElo "2275"]

1. c4 Nf6 2. Nc3 c5 3. g3 d5 4. cxd5 Nxd5 5.
Bg2 Nc7 6. Nf3 Nc6 7. O-O e5 8. a3 f6 9. d3 Be7 10. Be3 O-O 11. Rc1 Bd7 12. Na4 b6 13. Nd2 Rc8 14. b4 Nd4 15.
Nc3 Kh8 16. bxc5 Bxc5 17. Nce4 Bxa3 18. Ra1 Ncb5 19. Bxd4 exd4 20. Nc4 Bb4 21. Qb3 a5 22. Rfc1 Re8 23. Bf3 Rb8 24. Kg2 Be6 25.
Qd1 Nc3 26. Nxc3 Bxc3 27. Rab1 b5 28. Na3 Qd7 29. e3 Ba2 30. exd4 Bxb1 31. Rxc3 Ba2 32. Rc5 Qxd4 33. Rxb5 Rxb5 34.
Nxb5 Qc5 35. Qa4 Bd5 36. Nd4 Bxf3+ 37. Nxf3 Re2 38. d4 Qd5 39. Qa3 h5 40. h3 Qa2 41. Qf8+ Kh7 42. g4 Rxf2+ 43. Kg3 Rg2+ 0-1

[ePGN "0.1;DGT LiveChess/2.2.6"]

[Event "Allsvenskan Div I 3 2023/2024: SS Manhem - Thunder Chess"]
[Site "Goteborgs schackcentrum, Vegatan 20, Gothenburg, Sweden"]
[Date "2024.01.14"]
[Round "1.4"]
[White "Akesson, Joel"]
[Black "Brzezinski, Adam"]
[Result "1-0"]
[TimeControl "90 minutes for 40 moves + 30 minutes for the rest of the game + 30 seconds per move from move one."]
[WhiteTitle "FM"]
[WhiteFideId "1705040"]
[BlackFideId "1710460"]
[WhiteElo "2208"]
[BlackElo "2190"]

1. c4 c5 2. g3 Nc6 3. Bg2 g6 4. Nc3 Bg7 5. a3 b6 6. e3 Bb7 7. Nge2 e6 8. d4 Na5 9. Bxb7 Nxb7 10.
d5 Nd6 11. Qd3 Ne7 12. e4 e5 13. O-O O-O 14. Be3 f5 15. f3 fxe4 16. fxe4 Rxf1+ 17. Rxf1 h6 18. b4 Rc8 19. bxc5 bxc5 20.
Rb1 a6 21. Na4 Qa5 22. Nb6 Rb8 23. Bd2 Qxb6 24. Rxb6 Rxb6 25. Be3 Nb7 26. Nc3 1-0

[ePGN "0.1;DGT LiveChess/2.2.6"]

[Event "Allsvenskan Div I 3 2023/2024: SS Manhem - Thunder Chess"]
[Site "Goteborgs schackcentrum, Vegatan 20, Gothenburg, Sweden"]
[Date "2024.01.14"]
[Round "1.5"]
[White "Virolainen, Victor"]
[Black "Lindholm, Gustav"]
[Result "0-1"]
[TimeControl "90 minutes for 40 moves + 30 minutes for the rest of the game + 30 seconds per move from move one."]
[WhiteFideId "1710672"]
[BlackFideId "1736515"]
[WhiteElo "2142"]
[BlackElo "2141"]

1. d4 d5 2. c4 c6 3. cxd5 cxd5 4. Bf4 Nc6 5. Nc3 Nf6 6. e3 a6 7. Bd3 Bg4 8. f3 Bh5 9. Qb3 Na5 10.
Qa4+ Nc6 11. Rc1 e6 12. Nge2 Bd6 13. e4 dxe4 14. Nxe4 Bb4+ 15. Kf2 Nd5 16. Rxc6 bxc6 17. Qxc6+ Kf8 18.
Bd6+ Bxd6 19. Nxd6 Nb4 20. Qc3 Nxd3+ 21. Qxd3 Qxd6 22. Rc1 Rd8 23. Qe4 g5 24. Rc6 Qd5 25. Qxd5 Rxd5 26. Rxa6 Ke7 27.
b4 Rb8 28. a3 Bg6 29. Ke3 Rd6 30. Ra7+ Rd7 31. Ra5 f5 32. b5 f4+ 33. Kf2 Bd3 34. Ng1 0-1

[ePGN "0.1;DGT LiveChess/2.2.6"]

[Event "Allsvenskan Div I 3 2023/2024: SS Manhem - Thunder Chess"]
[Site "Goteborgs schackcentrum, Vegatan 20, Gothenburg, Sweden"]
[Date "2024.01.14"]
[Round "1.6"]
[White "Fendrich, David"]
[Black "Sigurgeirson, Brjann"]
[Result "1-0"]
[TimeControl "90 minutes for 40 moves + 30 minutes for the rest of the game + 30 seconds per move from move one."]
[WhiteFideId "1705725"]
[BlackFideId "1712497"]
[WhiteElo "2162"]
[BlackElo "2149"]

1. g3 Nf6 2. Bg2 g6 3. c4 c5 4. Nc3 Bg7 5. a3 Nc6 6. Rb1 a5 7. d3 O-O 8. Nh3 d6 9. Nf4 Rb8 10.
O-O e6 11. h4 Ne7 12. b4 e5 13. Nfd5 Nfxd5 14. Nxd5 Nxd5 15. Bxd5 Bh3 16. Re1 axb4 17. axb4 b6 18. Qa4 Be6 19.
Qc6 Rc8 20. Bg5 Qc7 21. Qxc7 Rxc7 22. bxc5 bxc5 23. Bg2 h6 24. Bd2 Rfc8 25. Rb6 Bf8 26. Ra1 Rd7 27. Raa6 Rdd8 28. Ba5 d5 29. Rxe6 fxe6 30. Bxd8 Rxd8 31. Rxe6 dxc4 32. dxc4 Rd1+ 33.
Kh2 Bg7 34. Rxg6 Rd2 35. Bf3 Kf7 36. Bh5 Kg8 37. Rc6 Bf8 38. Kg2 Rc2 39. Rc7 Kh8 40. Rc8 Kg7 41. Re8 Rxc4 42. Rxe5 Kf6 43. f4 Rc1 44. Re8 Kg7 45.
Rc8 c4 46. Rc7+ Kh8 47. Kf3 c3 48. Bg6 Bb4 49. Kg4 Rg1 50. e4 c2 51. Rxc2 Be1 52. e5 h5+ 53. Bxh5 Rxg3+ 54. Kf5 Rg8 55. Bf7 Rg7 56. e6 Bxh4 57.
Rh2 Rh7 58. Rxh4 1-0

[ePGN "0.1;DGT LiveChess/2.2.6"]

[Event "Allsvenskan Div I 3 2023/2024: SS Manhem - Thunder Chess"]
[Site "Goteborgs schackcentrum, Vegatan 20, Gothenburg, Sweden"]
[Date "2024.01.14"]
[Round "1.7"]
[White "Zachrisson, Mattias"]
[Black "Bengtsson, Jonas"]
[Result "0-1"]
[TimeControl "90 minutes for 40 moves + 30 minutes for the rest of the game + 30 seconds per move from move one."]
[WhiteFideId "1708384"]
[BlackFideId "1715135"]
[WhiteElo "2075"]
[BlackElo "2000"]

1. e4 c5 2. Nf3 e6 3. d3 Nc6 4. g3 d5 5. Nbd2 Bd6 6. Bg2 Nge7 7. Nh4 O-O 8. f4 f5 9. O-O Bc7 10.
e5 b5 11. c3 a5 12. a4 bxa4 13. Qxa4 Ba6 14. Qc2 Qd7 15. Rd1 Bb6 16. Nhf3 Bxd3 17. Qa4 c4+ 18. Kh1 Bf2 19. Nf1 Rfb8 20.
Rd2 Bc5 21. Ne1 Bxf1 22. Bxf1 Be3 23. Re2 Bxc1 24. Rxc1 Rb3 25. Ra1 Rab8 26. Ra2 Nc8 27. Ra1 Rxb2 28. Nf3 Rxe2 29. Bxe2 Rb2 30.
Bd1 N8e7 31. Nd4 Qa7 32. Qa3 Nxd4 33. Qxb2 Ndc6 34. Qe2 Qc5 35. Rc1 h6 36. Kg2 Kh7 37. h4 Na7 38. h5 Nb5 39.
Ba4 Qa3 40. Qc2 Nxc3 41. Qxc3 Qxa4 42. Ra1 Qb4 43. Qc2 Nc6 44. Rb1 Qc5 45. g4 d4 46. gxf5 d3 47. Qd2 Qd5+ 48. Kg3 exf5 49.
Rd1 Nd4 50. Qe3 Qe4 51. Kf2 Nc2 52. Qb6 Qxf4+ 53. Kg2 Ne3+ 0-1

[ePGN "0.1;DGT LiveChess/2.2.6"]

[Event "Allsvenskan Div I 3 2023/2024: SS Manhem - Thunder Chess"]
[Site "Goteborgs schackcentrum, Vegatan 20, Gothenburg, Sweden"]
[Date "2024.01.14"]
[Round "1.8"]
[White "Karlsson, Stefan"]
[Black "Lehtonen, Ture"]
[Result "1-0"]
[TimeControl "90 minutes for 40 moves + 30 minutes for the rest of the game + 30 seconds per move from move one."]
[WhiteFideId "1771183"]
[BlackFideId "1712446"]
[WhiteElo "1964"]
[BlackElo "2107"]

1. e4 d6 2. d4 Nf6 3. Nc3 c6 4. Be3 Qb6 5. Rb1 Ng4 6. Bg5 h6 7. Bh4 g5 8. Be2 Nf6 9. Bg3 Bg7 10.
h4 Nbd7 11. hxg5 hxg5 12. Rxh8+ Bxh8 13. Bc4 Qb4 14. Qd3 d5 15. exd5 cxd5 16. Bxd5 Nxd5 17. a3 Qxd4 18. Nxd5 Qxd3 19.
cxd3 Kf8 20. Nc7 Rb8 21. Nb5 Ra8 22. d4 a6 23. Nc7 Ra7 24. Rc1 Nb6 25. Nd5 Nxd5 26. Rxc8+ Kg7 27. Bb8 Ra8 28.
Be5+ f6 29. Rxa8 fxe5 30. dxe5 Kh7 31. Nf3 1-0